 Dungeon Crawl Stone Soup version 0.31-a0-1321-g5021b54cb2 (webtiles) character file.

Game seed: 8720968563593792243

259496 Forgeling the Wrestler (level 19, 0/301 HPs)
             Began as a Troll Berserker on Dec 20, 2023.
             Was a High Priest of Trog.
             Slain by a sun demon (9 damage)
             ... summoned by a deep elf demonologist
             ... on level 3 of the Elven Halls.
             The game lasted 01:41:33 (36863 turns).

Forgeling the Wrestler (Troll Berserker)           Turns: 36863, Time: 01:41:34

Health: 0/301      AC: 18    Str: 38    XL:     19   Next: 53%
Magic:  28/28      EV: 11    Int: 12    God:    Trog [*****.]
Gold:   2290       SH: 13    Dex: 13    Spells: 18/18 levels left

rFire   + +          +
                       - Unarmed
rCold   + . .        f - +2 kite shield {rPois}
rNeg    + . .        b - quicksilver dragon scales
rPois   +            c - +3 hat of Pondering {ponderous, Will+ MP+10 Int+5}
rElec   +            B - scarf {rC+ rF+}
rCorr   .            (gloves unavailable)
SInv    .            (boots unavailable)
Will    ++++.        (no amulet) Stlth
                     t - ring "Sinesio" {rElec rF+ rN+ Will+ Int-3}
HPRegen 1.50/turn    l - ring of Kiwanwa {rF+ Str+6 Int+5 Dex+2}
MPRegen 0.21/turn

%: no passive effects
@: berserking, lethally poisoned (0 -> -6), about to teleport, very quick
A: large, unfitting armour, claws 3, regeneration 1, shaggy fur 1, tough skin 1
}: 1/15 runes: serpentine
a: Renounce Religion, Berserk, Trog's Hand, Brothers in Arms


You were on level 3 of the Elven Halls.
You worshipped Trog.
Trog was extremely pleased with you.
You visited 6 branches of the dungeon, and saw 33 of its levels.
You visited the Abyss 1 time.
You also visited: Bailey, Ice Cave and Wizlab.

You collected 3820 gold pieces.
You spent 1530 gold pieces at shops.

Inventory:

Missiles
 a - 2 datura-tipped darts
 j - 32 boomerangs
 n - 21 large rocks
 u - 4 throwing nets
 w - 6 silver javelins
 x - 8 javelins
 y - 10 curare-tipped darts
Armour
 b - quicksilver dragon scales (worn)
 c - the +3 hat of Pondering (worn) {ponderous, Will+ MP+10 Int+5}
   (You acquired it on level 1 of the Elven Halls)

   Int+5:     It affects your intelligence (+5).
   Will+:     It increases your willpower.
   MP+10:     It affects your magic capacity (+10).
 f - a +2 kite shield of poison resistance (worn)
 B - a scarf of resistance (worn)
Jewellery
 k - a ring of protection from fire
 l - the ring of Kiwanwa (right claw) {rF+ Str+6 Int+5 Dex+2}
   (You acquired it on level 7 of the Dungeon)

   [ring of strength]

   Str+6:     It affects your strength (+6).
   Int+5:     It affects your intelligence (+5).
   Dex+2:     It affects your dexterity (+2).
   rF+:       It protects you from fire.
 t - the ring "Sinesio" (left claw) {rElec rF+ rN+ Will+ Int-3}
   (You bought it in a shop on level 1 of the Snake Pit)

   [ring of willpower]

   Int-3:     It affects your intelligence (-3).
   rF+:       It protects you from fire.
   rElec:     It insulates you from electricity.
   rN+:       It protects you from negative energy.
   Will+:     It increases your willpower.
 K - the ring "Gifruum" {rCorr Int+6}
   (You found it in an ice cave)

   [ring of resist corrosion]

   Int+6:     It affects your intelligence (+6).
   rCorr:     It protects you from acid and corrosion.
 L - a ring of see invisible
Wands
 d - a wand of digging (30)
 e - a wand of charming (46)
 h - a wand of acid (13)
 i - a wand of iceblast (20)
Scrolls
 p - 6 scrolls of enchant weapon
 s - 9 scrolls of enchant armour
 D - 4 scrolls of blinking
 E - 3 scrolls of fear
 F - 2 scrolls of fog
 O - a scroll of silence
 P - 3 scrolls of poison
 S - 3 scrolls of butterflies
 V - 3 scrolls of vulnerability
 X - 2 scrolls of revelation {@r4}
 Y - 7 scrolls of teleportation {@r3}
 Z - 3 scrolls of identify {@r1}
Potions
 A - 7 potions of attraction
 C - 4 potions of cancellation
 G - 4 potions of ambrosia
 H - a potion of haste
 I - 4 potions of invisibility
 J - 13 potions of curing {@q1}
 M - a potion of might
 N - 4 potions of heal wounds {@q2}
 R - 2 potions of resistance
 U - 4 potions of mutation
 W - 7 potions of enlightenment
Miscellaneous
 g - a condenser vane
 r - a phial of floods (inert)
 v - a lightning rod (4/4)
 z - a box of beasts


   Skills:
 - Level 15.0 Fighting
 + Level 14.2 Throwing
 - Level 10.0 Armour
 - Level 7.0 Dodging
 - Level 9.0 Shields
 - Level 21.0 Unarmed Combat
 + Level 11.0 Evocations


You had 18 spell levels left.
You didn't know any spells.
Your spell library was empty.

Dungeon Overview and Level Annotations

Branches:
Dungeon (15/15)            Temple (0/1) D:5            Lair (5/5) D:10
  Swamp (4/4) Lair:2        Snake (4/4) Lair:3        Slime (0/5) Lair:4
    Orc (2/2) D:12            Elf (3/3) Orc:2        Vaults (0/5) D:13
 Depths (0/4) D:15         Bailey (visited)           IceCv (visited)
 WizLab (visited)

Altars:
Dithmenos
Elyvilon
Gozag
Nemelex Xobeh
Trog
Jiyva

Shops:
D:5 *   D:14 *[   D:15 (   Orc:2 !*(*   Elf:2 [   Snake:1 =::

Portals:
Bazaar: Elf:1
Trove: D:10 (give +6 demon blade)

Annotations:
Swamp:4 Lernaean hydra
Snake:2 Roxanne
Elf:2 3 runed translucent doors


Innate Abilities, Weirdness & Mutations

You are too large for most types of armour.
You have claws for hands.
Your natural rate of healing is unusually fast.
You are covered in fur. (AC +1)
You have tough skin. (AC +1)


Message History

Unknown command.
As you read the scroll of teleportation {@r3}, it crumbles to dust.
You feel strangely unstable.
You feel very sick.
The deep elf death mage beckons forth restless souls!
The sun demon hits you!
You are engulfed in flames.
You resist. The Hell Sentinel gestures at you.
You feel very sick.
The reaper hits you from afar with a +2 scythe of venom!!
* * * LOW HITPOINT WARNING * * *
The reaper drags you backwards!
You are more poisoned.
A red film seems to cover your vision as you go berserk!
You feel yourself moving faster!
You feel mighty!
You feel extremely sick.
The deep elf death mage beckons forth restless souls!
The reaper hits you with a +2 scythe of venom!!
* * * LOW HITPOINT WARNING * * *
The Hell Sentinel hits you!
* * * LOW HITPOINT WARNING * * *
The Hell Sentinel hits you!
* * * LOW HITPOINT WARNING * * *
You feel a strong urge to attack something.
You feel very sick. The sun demon hits you!
* * * LOW HITPOINT WARNING * * *
You are engulfed in flames.
You resist.
* * * LOW HITPOINT WARNING * * *
The deep elf master archer shoots an arrow.
The reaper hits you from afar with a +2 scythe of venom!!
* * * LOW HITPOINT WARNING * * *
The reaper drags you backwards!
The deep elf master archer shoots an arrow.
The arrow hits you!
* * * LOW HITPOINT WARNING * * *
You feel very sick. The Hell Sentinel hits you!
* * * LOW HITPOINT WARNING * * *
The sun demon hits you!
You die...

..# #...≈≈..≈≈...# #... ###
....≈≈..≈≈e... ##'# ..#
..≈***≈≈.. #... ..# ≈≈e4≈≈ #...
..# #*e# #... ..# #3e# #... ..#
#e2# #... ..# #3.# #... ..# #1@#
#... ..# #..# #... ..# #~~# #...
..# #~~# #... ..# #~)# #...
..#############.)#############...
.....'.))).....))#....).........#
#....#.).......))#)..).........##
##...#...........)............##.


You could see a Hell Sentinel (summoned), a deep elf death mage, a deep elf
master archer, a reaper (summoned), a sun demon (summoned), a deep elf
demonologist, a deep elf high priest, a smoke demon (summoned), a red devil
(summoned) and 4 lost souls.

Vanquished Creatures
  Bai Suzhen (Elf:3)
  Nikola (Elf:3)
  An electric golem (WizLab)
  Agnes (D:15)
  Donald (Swamp:2)
  A thorn hunter (Swamp:4)
  7 nagarajas (Snake:4)
  2 fenstrider witches (Swamp:4)
  4 deep elf sorcerers
  2 angels (WizLab)
  An orc warlord (Orc:1)
  A deep elf elementalist (Elf:3)
  A very ugly thing (D:15)
  2 war gargoyles (WizLab)
  3 reapers (IceCv)
  2 ironbound thunderhulks (WizLab)
  The ghost of Beno the Reanimator, a journeyman HuNe of Nemelex Xobeh (Elf:1)
  4 eleionomae
  2 deep elf demonologists (Elf:3)
  3 deep elf death magi (Elf:3)
  3 deep elf annihilators (Elf:3)
  2 bunyips
  The ghost of DoNotCum the Eclecticist, a journeyman DECj of Vehumet (Lair:5)
  An ettin (WizLab)
  A crystal guardian (WizLab)
  A shambling mangrove (Swamp:2)
  A deep elf high priest (Elf:3)
  Josephine (Lair:5)
  A great orb of eyes (D:15)
  Harold (D:9)
  5 vault guards (D:13)
  14 hydras
  6 peacekeepers (WizLab)
  5 salamander tyrants
  5 catoblepae
  4 alligators
  3 ghost crabs
  7 boulder beetles
  A rakshasa (D:12)
  14 anacondas
  3 centaur warriors
  3 two-headed ogres
  14 dancing weapons
  4 orc high priests
  14 naga warriors
  7 death yaks (Lair:5)
  12 shock serpents
  14 naga sharpshooters
  5 deep elf knights
  A salamander mystic (Snake:4)
  4 skeletal warriors
  10 goliath frogs
  2 spriggan druids
  5 swamp dragons
  5 deep elf archers
  An obsidian statue (IceCv)
  8 naga ritualists
  An orange crystal statue (IceCv)
  Pikel (D:6)
  4 spriggan simulacra (IceCv)
  3 bog bodies
  6 orc knights
  16 deep elf pyromancers
  17 mana vipers
  11 deep elf zephyrmancers
  6 orc sorcerers
  19 ugly things
  5 manticores
  4 cyclopes
  11 salamanders
  3 will-o-the-wisps
  9 guardian serpents
  2 moths of wrath (Lair:5)
  A water nymph (shapeshifter) (D:15)
  A kobold blastminer (Orc:2)
  6 elephants
  27 black mambas
  2 ice statues (D:12)
  2 torpor snails
  14 naga magi
  7 gargoyles
  3 rime drakes
  12 cane toads
  Maggie (D:8)
  15 komodo dragons
  An anaconda simulacrum (IceCv)
  An unseen horror (D:12)
  A golden dragon simulacrum (IceCv)
  A komodo dragon (shapeshifter) (D:12)
  8 freezing wraiths (IceCv)
  3 ice devils (IceCv)
  3 yaktaurs
  6 polar bears
  3 meliai (D:12)
  A queen bee (D:12)
  7 trolls
  5 tyrant leeches
  16 hornets
  A raiju (shapeshifter) (D:15)
  15 blink frogs
  2 alligator simulacra (IceCv)
  10 dream sheep
  26 slime creatures
  16 spriggans
  3 wraiths
  A shadow (D:12)
  A vampire (D:9)
  4 air elementals
  7 wyverns
  81 yaks
  3 fire elementals
  2 wargs
  6 humans (D:13)
  27 vampire mosquitoes
  2 basilisks
  4 minotaur simulacra (IceCv)
  2 steam dragons
  36 nagas
  2 acid dragons
  A harpy simulacrum (IceCv)
  A redback simulacrum (D:15)
  A two-headed ogre zombie (D:12)
  15 swamp worms
  14 water moccasins
  A spectral cane toad (Lair:2)
  A spectral polar bear (Lair:2)
  10 swamp drakes
  An ice beast (D:7)
  3 black bears
  2 sky beasts
  22 orc warriors
  4 boggarts (Lair:5)
  12 centaurs
  20 wolves
  8 ogres
  A lemure (D:6)
  4 phantoms
  2 kobold brigands
  15 bullfrogs
  A spectral wyvern (Lair:2)
  6 earth elementals
  2 gnoll sergeants
  2 scorpions
  3 deep troll simulacra (IceCv)
  3 wights (D:8)
  20 killer bees
  A jelly (D:6)
  8 howler monkeys
  6 electric eels (Elf:3)
  19 orc priests
  3 hounds
  3 gnoll boudas
  7 iguanas
  23 orc wizards
  4 sleepcaps
  2 lightning spires (WizLab)
  7 ogre zombies (D:12)
  21 gnolls
  4 adders
  A shadow imp (D:5)
  4 white imps
  4 ufetubi
  4 worms
  2 dart slugs (D:1)
  The ghost of Azaupp the Digger, a weakling FoEE (D:12)
  76 orcs
  5 bats
  6 endoplasms
  6 giant cockroaches
  5 gnoll zombies (D:12)
  6 goblins
  2 hobgoblins
  7 jackals
  12 kobolds
  3 quokkas
  5 ball pythons
  2 frilled lizards (D:1)
  4 gnoll skeletons (D:12)
  2 orc skeletons (D:12)
  14 orc zombies (D:12)
  7 rats
1207 creatures vanquished.

Vanquished Creatures (collateral kills)
  Rupert (Snake:1)
  Mlioglotl (Snake:3)
  A fenstrider witch (Swamp:4)
  An eleionoma (Swamp:4)
  2 crystal guardians (WizLab)
  2 peacekeepers (WizLab)
  A hydra (Lair:5)
  A centaur warrior (D:14)
  A boulder beetle (D:14)
  A death knight (D:14)
  A naga warrior (Snake:4)
  A naga sharpshooter (Snake:3)
  2 spriggans
  A swamp dragon (Swamp:4)
  A naga ritualist (Snake:4)
  A cyclops (D:14)
  A guardian serpent (Snake:4)
  2 gargoyles (WizLab)
  A naga mage (Snake:1)
  A freezing wraith (D:14)
  2 blink frogs (Lair:5)
  2 hornets
  3 yaks (Lair:5)
  3 nagas (Snake:3)
  A swamp drake (Swamp:4)
  An orc warrior (Bailey)
  2 earth elementals
  A howler monkey (D:14)
  2 orcs (Bailey)
41 creatures vanquished.

Vanquished Creatures (others)
  2 bloated husks
  A human (D:13)
  A water elemental (Elf:1)
  A swamp worm (Swamp:2)
  A centaur (Bailey)
  An orc (Bailey)
  10 foxfires
17 creatures vanquished.

Grand Total: 1265 creatures vanquished

Notes
Turn   | Place    | Note
-------+----------+-------------------------------------------
     0 | D:1      | Forgeling the Troll Berserker began the quest for the Orb.
     0 | D:1      | Reached XP level 1. HP: 22/22 MP: 0/0
    81 | D:1      | Reached XP level 2. HP: 27/29 MP: 1/1
   250 | D:1      | Reached skill level 4 in Unarmed Combat
   322 | D:1      | Reached ** piety under Trog
   384 | D:1      | Reached XP level 3. HP: 33/36 MP: 2/2
  1561 | D:3      | Reached skill level 5 in Unarmed Combat
  1561 | D:3      | Reached XP level 4. HP: 43/44 MP: 3/3
  1742 | D:3      | Reached XP level 5. HP: 37/50 MP: 4/4
  1745 | D:3      | Reached skill level 6 in Unarmed Combat
  2092 | D:4      | Noticed a black bear
  2102 | D:4      | Killed a black bear
  2103 | D:4      | Reached skill level 7 in Unarmed Combat
  2103 | D:4      | Reached XP level 6. HP: 59/59 MP: 5/5
  2129 | D:4      | Identified the +6 ring mail "Sileir" {rF+ Dex+6}
  2225 | D:4      | Found a shadowy altar of Dithmenos.
  2332 | D:4      | Reached *** piety under Trog
  2345 | D:4      | You fall into a shaft and drop 3 floors!
  2489 | D:7      | Noticed an ice beast
  2513 | D:7      | Killed an ice beast
  2514 | D:7      | Reached XP level 7. HP: 67/67 MP: 6/6
  2610 | D:5      | Entered Level 5 of the Dungeon
  2689 | D:5      | Found a staircase to the Ecumenical Temple.
  2713 | D:5      | Reached skill level 8 in Unarmed Combat
  3033 | D:5      | Reached skill level 9 in Unarmed Combat
  3195 | D:5      | Reached XP level 8. HP: 68/78 MP: 7/7
  3301 | D:4      | Identified the +1 ring mail of Rassaish {rElec rF+ Str+4}
  3313 | D:4      | Reached skill level 1 in Evocations
  3570 | D:5      | Found Lagergh's Assorted Antiques.
  4012 | D:6      | Reached **** piety under Trog
  4013 | D:6      | Reached skill level 10 in Unarmed Combat
  4373 | D:6      | Noticed Pikel
  4382 | D:6      | Killed Pikel
  4383 | D:6      | Reached XP level 9. HP: 69/84 MP: 8/8
  4611 | D:6      | Found a bloodstained altar of Trog.
  4897 | D:7      | Reached skill level 11 in Unarmed Combat
  5374 | D:7      | Identified a scroll of acquirement
  5375 | D:7      | Acquired the ring of Kiwanwa {rF+ Str+6 Int+5 Dex+2}
  5431 | D:8      | Noticed Maggie
  5445 | D:7      | Reached skill level 12 in Unarmed Combat
  5724 | D:8      | Found a white marble altar of Elyvilon.
  5749 | D:8      | Reached ***** piety under Trog
  5872 | D:8      | Reached skill level 5 in Fighting
  5880 | D:8      | Reached XP level 10. HP: 68/96 MP: 9/9
  6083 | D:8      | Killed Maggie
  6349 | D:9      | Paralysed by a hornet for 1 turns
  6401 | D:9      | Noticed a two-headed ogre
  6405 | D:9      | Killed a two-headed ogre
  6406 | D:9      | Reached skill level 13 in Unarmed Combat
  6502 | D:9      | Noticed a gargoyle
  6508 | D:9      | Killed a gargoyle
  6688 | D:9      | Noticed Harold
  6697 | D:9      | Killed Harold
  7255 | D:10     | Entered Level 10 of the Dungeon
  7321 | D:10     | Reached skill level 14 in Unarmed Combat
  7337 | D:10     | Found a flagged portal.
  7358 | Bailey   | Entered a bailey
  7547 | Bailey   | Reached XP level 11. HP: 103/109 MP: 10/10
  7940 | D:10     | Reached skill level 5 in Evocations
  7958 | D:10     | Found a staircase to the Lair.
  8747 | D:10     | Found a portal to a secret trove of treasure.
  9034 | D:11     | Noticed a red ugly thing
  9047 | D:11     | Killed a red ugly thing
  9099 | D:11     | Noticed a skeletal warrior
  9125 | D:12     | Noticed a two-headed ogre
  9136 | D:12     | Killed a two-headed ogre
  9179 | D:12     | Noticed a deep elf pyromancer
  9183 | D:12     | Found a transporter.
  9345 | D:12     | Found a staircase to the Orcish Mines.
  9381 | D:12     | Received a gift from Trog
  9513 | D:12     | Noticed a boulder beetle
  9514 | D:12     | Noticed a boulder beetle
  9516 | D:12     | Noticed Azaupp's ghost (weakling FoEE)
  9542 | D:12     | Found a transporter.
  9545 | D:12     | Noticed a rakshasa
  9572 | D:12     | Noticed a boulder beetle
  9572 | D:12     | Noticed a four-headed hydra
  9622 | D:11     | Killed a skeletal warrior
  9623 | D:11     | Reached skill level 10 in Fighting
  9733 | D:11     | Noticed a skeletal warrior
  9736 | D:11     | Noticed a skeletal warrior
  9743 | D:11     | Killed a skeletal warrior
  9744 | D:11     | Reached XP level 12. HP: 127/127 MP: 11/11
  9754 | D:11     | Noticed a boulder beetle
  9900 | D:11     | Killed a boulder beetle
 10070 | D:11     | Found a sparkling altar of Nemelex Xobeh.
 10160 | Lair:1   | Entered Level 1 of the Lair of Beasts
 10265 | Lair:1   | Reached skill level 15 in Unarmed Combat
 11234 | Lair:2   | Received a gift from Trog
 11830 | Lair:2   | Found a staircase to the Swamp.
 11830 | Lair:2   | Noticed a ghost crab
 11830 | Lair:2   | Noticed a ghost crab
 12238 | Lair:2   | Killed a ghost crab
 12239 | Lair:2   | Reached XP level 13. HP: 139/139 MP: 12/12
 12451 | Lair:3   | Reached skill level 16 in Unarmed Combat
 12543 | Lair:3   | Identified the +1 dagger "Warestro" {flame, *Noise rElec
                  | Str+3}
 12652 | Lair:3   | Identified the +4 short sword "Newtslayer" {drain, Dex+9}
 12885 | Lair:3   | Found a staircase to the Snake Pit.
 13166 | Lair:4   | Found a staircase to the Slime Pits.
 13168 | Lair:4   | Found a viscous altar of Jiyva.
 14117 | Lair:5   | Entered Level 5 of the Lair of Beasts
 14346 | Lair:4   | Reached skill level 17 in Unarmed Combat
 14578 | Lair:5   | Received a gift from Trog
 14734 | Lair:5   | Found a transporter.
 14746 | Lair:5   | Found a transporter.
 14797 | Lair:5   | Reached XP level 14. HP: 142/154 MP: 13/13
 14812 | Lair:5   | Reached skill level 18 in Unarmed Combat
 14966 | Lair:5   | Noticed DoNotCum's ghost (journeyman DECj)
 15003 | Lair:4   | Reached skill level 1 in Armour
 15075 | Lair:5   | Noticed Josephine
 15098 | Lair:5   | Killed Josephine
 15461 | Lair:5   | Received a gift from Trog
 15598 | Lair:5   | Found a bloodstained altar of Trog.
 16383 | Lair:5   | Reached skill level 5 in Dodging
 16684 | Lair:5   | Killed DoNotCum's ghost
 16961 | Orc:1    | Entered Level 1 of the Orcish Mines
 17210 | Orc:1    | Noticed an orc warlord
 17236 | Orc:1    | Killed an orc warlord
 17237 | Orc:1    | Reached skill level 5 in Armour
 17241 | Orc:1    | Received a gift from Trog
 17650 | Orc:2    | Entered Level 2 of the Orcish Mines
 17711 | Orc:2    | Found a staircase to the Elven Halls.
 17954 | Orc:2    | Noticed Sonja
 17956 | Orc:2    | Sonja changed into Sonja the warg
 17956 | Orc:2    | Noticed Sonja
 17961 | Orc:2    | Killed Sonja the warg
 18029 | Orc:2    | Reached skill level 19 in Unarmed Combat
 18241 | Orc:1    | Reached XP level 15. HP: 139/162 MP: 14/14
 18349 | Orc:2    | Received a gift from Trog
 18436 | Orc:2    | Reached skill level 1 in Throwing
 18441 | Orc:2    | Found Uronesea's Weapon Shop.
 18441 | Orc:2    | Found Ahim's General Store.
 18445 | Orc:2    | Found Qummani's Distillery.
 18445 | Orc:2    | Found Iticzeong's Assorted Antiques.
 19248 | D:13     | Received a gift from Trog
 19878 | D:13     | Reached skill level 5 in Throwing
 20121 | D:13     | Found a gate to the Vaults.
 20222 | D:14     | Reached skill level 1 in Shields
 20379 | D:14     | Found Naev's Armour Boutique.
 20595 | D:14     | Found an opulent altar of Gozag.
 20628 | D:14     | Found Gozag's Platinum Reserve.
 20635 | D:14     | Reached skill level 5 in Shields
 21016 | D:14     | Bought quicksilver dragon scales for 960 gold pieces
 21045 | D:15     | Entered Level 15 of the Dungeon
 21273 | D:15     | Found Ymiep's Antique Weapon Emporium.
 21440 | D:15     | Noticed Agnes
 21463 | D:15     | Killed Agnes
 21719 | D:15     | Found a staircase to the Depths.
 22213 | Snake:1  | Entered Level 1 of the Snake Pit
 22382 | Snake:1  | Reached XP level 16. HP: 158/171 MP: 15/15
 22431 | Snake:1  | Identified the maw talisman of the Distant Future {rPois
                  | Str-4 Dex+4 SInv}
 22431 | Snake:1  | Noticed Rupert
 22431 | Snake:1  | Paralysed by Rupert for 5 turns
 22446 | Snake:1  | Killed Rupert
 22446 | Snake:1  | Identified the +4 halberd of the Scorned {flame, ^Fragile
                  | rN+ Will+} (Trog gifted it to you on level 1 of the Snake
                  | Pit)
 22446 | Snake:1  | Received a gift from Trog
 23036 | Snake:1  | Found Exiutient's Book Emporium.
 23037 | Snake:1  | Found Iretas's Jewellery Shop.
 23038 | Snake:1  | Found Iklun's Book Emporium.
 23840 | Snake:1  | Bought the ring "Sinesio" {rElec rF+ rN+ Will+ Int-3} for
                  | 570 gold pieces
 23897 | Snake:2  | Noticed Roxanne
 24336 | Snake:2  | Received a gift from Trog
 25227 | Snake:3  | Identified the +7 dagger "Beast's Death Toll" {heavy, *Rage
                  | rElec rF++ rC+}
 25554 | Snake:3  | Noticed Mlioglotl
 25563 | Snake:3  | Killed Mlioglotl
 25564 | Snake:3  | Reached skill level 10 in Armour
 26995 | Snake:4  | Entered Level 4 of the Snake Pit
 26996 | Snake:4  | Upgraded the game from 0.31-a0-1308-ga3cce3a448 to
                  | 0.31-a0-1321-g5021b54cb2
 27172 | Snake:4  | Reached XP level 17. HP: 177/180 MP: 16/16
 27552 | Snake:4  | Received a gift from Trog
 28546 | Snake:4  | Reached skill level 20 in Unarmed Combat
 28745 | Snake:4  | Reached skill level 15 in Fighting
 28847 | Snake:4  | Got a serpentine rune of Zot
 29140 | Swamp:1  | Entered Level 1 of the Swamp
 29172 | Swamp:1  | Received a gift from Trog
 29325 | Swamp:1  | Found a frozen archway.
 29372 | IceCv    | Entered an ice cave
 29749 | IceCv    | Identified the ring "Gifruum" {rCorr Int+6}
 29924 | Swamp:1  | Reached skill level 21 in Unarmed Combat
 30504 | Swamp:2  | Reached XP level 18. HP: 135/193 MP: 17/17
 30694 | Swamp:2  | Reached ****** piety under Trog
 30695 | Swamp:2  | Noticed Donald
 30812 | Swamp:2  | Killed Donald
 31416 | Swamp:3  | Reached skill level 10 in Throwing
 31691 | Swamp:4  | Entered Level 4 of the Swamp
 31705 | Swamp:4  | Identified the +3 rapier "Tehan" {heavy, *Corrode rPois
                  | Str+6 Dex+3} (Trog gifted it to you on level 4 of the
                  | Swamp)
 31705 | Swamp:4  | Received a gift from Trog
 32400 | Swamp:4  | Noticed the 27-headed Lernaean hydra
 32734 | D:12     | Killed Azaupp's ghost
 32970 | Elf:1    | Entered Level 1 of the Elven Halls
 33024 | Elf:1    | Noticed Beno's ghost (journeyman HuNe)
 33025 | Elf:1    | Found a runed translucent door.
 33123 | Elf:1    | Found a gateway to a bazaar.
 33449 | Abyss:2  | Cast into level 2 of the Abyss (a deep elf sorcerer)
 33476 | Elf:1    | Escaped the Abyss
 33479 | Elf:1    | Received a gift from Trog
 33559 | Elf:1    | Identified the +0 cloak "Keago" {rF+ Int+3 Slay+3}
 33641 | Elf:1    | Killed Beno's ghost
 33652 | Elf:1    | Acquired the +3 hat of Pondering {ponderous, Will+ MP+10
                  | Int+5}
 33652 | Elf:1    | Found the +3 hat of Pondering {ponderous, Will+ MP+10
                  | Int+5}
 33794 | Elf:2    | Found Qary Zai's Armour Shoppe.
 33905 | Elf:2    | Found a runed translucent gate.
 33905 | Elf:2    | Found a runed translucent gate.
 33905 | Elf:2    | Found a runed translucent gate.
 34201 | Elf:3    | Entered Level 3 of the Elven Halls
 34306 | Elf:3    | Paralysed by an air elemental for 1 turns
 34311 | Elf:3    | Paralysed by an air elemental for 1 turns
 34350 | Elf:3    | Found a magical portal.
 34359 | WizLab   | Entered Maxwell's Workshop
 34513 | WizLab   | Identified the ring "Jutear" {Ice *Slow Str+7 SInv Stlth+}
 34515 | WizLab   | Identified the ring "Apidyquq" {Fire rElec}
 34633 | WizLab   | Reached XP level 19. HP: 174/201 MP: 18/18
 34644 | WizLab   | Received a gift from Trog
 34689 | WizLab   | Reached skill level 10 in Evocations
 35034 | WizLab   | Identified the +8 dagger of Malil {pain, rC- Will++ rCorr}
 35063 | WizLab   | Noticed an electric golem
 35086 | WizLab   | Killed an electric golem
 35179 | WizLab   | Identified the +4 sling of Frustration {drain, Dex+3}
 35188 | WizLab   | Identified the +7 dagger "Plog" {heavy, rElec SInv}
 35381 | Elf:3    | Noticed Bai Suzhen
 35399 | Elf:3    | Killed Bai Suzhen
 35970 | Elf:3    | Noticed Nikola
 35992 | Elf:3    | Killed Nikola
 36773 | Elf:3    | Identified the +1 quarterstaff "Gurouzin" {flame, rCorr
                  | SInv} (Trog gifted it to you on level 3 of the Elven Halls)
 36773 | Elf:3    | Received a gift from Trog
 36863 | Elf:3    | HP: 9/301 [Hell Sentinel[a deep elf demonologist] (15)]
 36863 | Elf:3    | Slain by a sun demon

Illustrated notes

Levels and vault maps discovered:
D:1:      dpeg_arrival_subterranean_lakeside_camping, layout_basic
D:2:      layout_loops_ring
D:3:      layout_rooms
D:4:      layout_basic, grunt_dithmenos_smoke_and_mirrors, hex_intersection,
          guppyfry_early_orc_mine
D:5:      layout_basic, minmay_temple_entry_mini_moons, serial_shops, shop,
          kennysheep_generic_room_6
D:6:      layout_loops_corners, mainiacjoe_overflow_surrounded_room, uniq_pikel
D:7:      layout_loops_corners
D:8:      layout_rooms, elyvilon_altar_3, grunt_decor_resistance,
          dreamdust_gnoll_shepherd, uniq_maggie
D:9:      layout_layer_cave, minmay_misc_feat_diagonals, st_stairs_3,
          uniq_harold
D:10:     layout_irregular_city, minmay_lair_entry_grove, enter_bailey_2,
          trove_entry_hex_spiral, statue_in_the_mist_lemuel,
          kennysheep_small_spiral
D:11:     layout_basic, nemelex_altar_shiori
D:12:     layout_gridville, zombieorc2_lemuel, nzn_ghost_randoct, minivault_7
D:13:     layout_cave_pods, ximxim_vaults_locker_room
D:14:     layout_gridville, nicolae_gozag_zags_fifth_avenue, serial_shops,
          nicolae_shop_tiny_glass, minmay_checkerbox
D:15:     gammafunk_enter_depths_forms, layout_basic, serial_shops,
          nicolae_square_shop, serial_bayou_pond_a, uniq_agnes
Lair:1:   layout_regular_city, lemuel_fruit_fields
Lair:2:   layout_small_grid, nicolae_swamp_entry_spooky, serial_bayou_shore_b,
          grunt_megastairs_2
Lair:3:   layout_chaotic_city, nicolae_snake_entry_squirm
Lair:4:   layout_regular_city, slime_entry_1
Lair:5:   evilmike_catoblepas_cave, layout_cave_pods,
          gammafunk_ghost_wrathful_warriors, kilobyte_rumbling_trees,
          uniq_josephine
Swamp:1:  layout_basic_swamp, portal_ice_cave_entry_ugly_swarm,
          evilmike_swamp_ruin_rubble_1, swamp_pool_4,
          nicolae_swamp_tree_designs, infiniplex_staircase_pool
Swamp:2:  layout_falls_marsh, serial_swamp_ruin, evilmike_swamp_ruin_house_3,
          evilmike_swamp_ruin_house_6, uniq_donald
Swamp:3:  layout_basic_swamp, evilmike_swamp_ruin_house_5,
          nicolae_swamp_baby_hydras
Swamp:4:  swamp_old_school, layout_basic_swamp, swamp_pool_1_2
Snake:1:  layout_grid_maze, minmay_shop_grove, uniq_rupert
Snake:2:  nicolae_snakescales, layout_layer_cave, uniq_roxanne
Snake:3:  layout_layer_cave, lemuel_fruit_tree, uniq_mlioglotl
Snake:4:  grunt_snake_rune_serpentine_throne, layout_cave_pods
Orc:1:    layout_caves, basic_altar
Orc:2:    grunt_orc_tribal_feast, layout_caves, uniq_sonja
Elf:1:    elf_arrival_001, layout_rooms, serial_shops, bzr_entry_road,
          hellmonk_ghost_happy_afterlife, minmay_elf_annihilation
Elf:2:    elven_hall_of_blades_hangedman_original
          [nicolae_blade_entry_antechamber], layout_geoelf_diagonals,
          serial_shops, shop
Elf:3:    elf_hall_gauntlet_wide, layout_geoelf_castle, mu_enter_wizlab_5,
          uniq_nikola, uniq_bai_suzhen

Skill      XL: |  1  2  3  4  5  6  7  8  9 10 11 12 13 14 15 16 17 18 19 |
---------------+----------------------------------------------------------+-----
Unarmed Combat | 4 5 7 9 10 12 14 15 17 19 21 | 21.0
Fighting       | 3 4 5 7 10 13 14 15 | 15.0
Evocations     | 3 4 7 8 9 11 | 11.0
Armour         | 5 10 | 10.0
Dodging        | 6 7 |  7.0
Throwing       | 6 7 13 14 | 14.2
Shields        | 8 9 |  9.0

Action                     |  1- 3 |  4- 6 |  7- 9 | 10-12 | 13-15 | 16-18 | 19-21 || total
---------------------------+-------+-------+-------+-------+-------+-------+-------++-------
  Melee: Unarmed           |   100 |    79 |   234 |   587 |  1020 |  1288 |   247 ||  3555
         Punch             |       |     5 |    11 |    50 |    68 |       |       ||   134
  Throw: Large rock        |       |       |       |       |       |    18 |     1 ||    19
         Boomerang         |       |       |       |       |       |    15 |       ||    15
 Invoke: Berserk           |       |     2 |       |     8 |     9 |     7 |     4 ||    30
         Brothers in Arms  |       |       |       |     1 |     7 |     9 |     3 ||    20
         Trog's Hand       |       |       |       |       |       |     1 |       ||     1
  Evoke: Wand              |       |       |       |    10 |     2 |     3 |     2 ||    17
         Box of beasts     |       |       |       |       |     1 |     1 |     1 ||     3
         Lightning rod     |       |       |       |       |       |     7 |       ||     7
         Condenser vane    |       |       |       |       |       |     1 |       ||     1
         Phial of floods   |       |       |       |       |       |       |     1 ||     1
    Use: Scroll            |     4 |     4 |     4 |       |    10 |    15 |     1 ||    38
         Potion            |       |       |       |       |     1 |       |       ||     1
   Stab: Sleeping          |     1 |       |       |       |       |       |       ||     1
         Distracted        |       |       |       |       |     4 |     2 |       ||     6
 Armour: Animal skin       |    51 |    53 |   133 |     9 |       |       |       ||   246
         Skin              |       |       |     2 |       |       |       |       ||     2
         Steam dragon scal |       |       |       |   491 |   734 |       |       ||  1225
         Quicksilver drago |       |       |       |       |    86 |   922 |   183 ||  1191
  Dodge: Dodged            |    52 |    22 |    83 |   279 |   411 |   388 |    65 ||  1300
  Block: Kite shield       |       |       |       |       |    84 |   653 |    99 ||   836

Table legend: (Time is in decaauts)
 A = Elapsed time spent in this place.
 B = Non-inter-level travel time spent in this place.
 C = Inter-level travel time spent in this place.
 D = Time resting spent in this place.
 E = Time spent auto-exploring this place.
 F = Levels seen in this place.
 G = Mean time per level.
                   A        B        C        D        E       F      G
               +--------+--------+--------+--------+--------+-----+--------+
         Total |  36375 |  33461 |   2914 |   1225 |  22413 |  37 |  983.1 |
       Dungeon |  13519 |  12561 |    958 |    318 |   9289 |  15 |  901.3 |
          Lair |   6827 |   6073 |    754 |    274 |   3957 |   5 | 1365.4 |
         Swamp |   2810 |   2557 |    253 |    145 |   1460 |   4 |  702.5 |
     Snake Pit |   6663 |   5970 |    693 |     60 |   4452 |   4 | 1665.8 |
  Orcish Mines |   1590 |   1527 |     63 |     69 |    972 |   2 |  795.0 |
   Elven Halls |   3003 |   2813 |    190 |     86 |   1797 |   3 | 1001.0 |
         Abyss |     26 |     26 |      0 |      0 |      0 |   1 |   26.0 |
        Bailey |    527 |    527 |      0 |     47 |     94 |   1 |  527.0 |
      Ice Cave |    443 |    443 |      0 |     64 |     78 |   1 |  443.0 |
        Wizlab |    962 |    962 |      0 |    160 |    312 |   1 |  962.0 |
               +--------+--------+--------+--------+--------+-----+--------+

Top non-repeatable levels by time:
  Lair:5: 2241 daAuts
 Snake:3: 1837 daAuts
 Snake:4: 1819 daAuts
   Elf:3: 1796 daAuts
 Snake:2: 1610 daAuts
 Snake:1: 1395 daAuts
    D:13: 1325 daAuts
  Lair:2: 1308 daAuts
  Lair:4: 1285 daAuts
    D:12: 1229 daAuts
    D:10: 1176 daAuts
  Lair:1: 1115 daAuts
     D:9: 1113 daAuts
     D:5: 984 daAuts
  WizLab: 962 daAuts
